 Dungeon Crawl Stone Soup version 0.28.0-53-g5a82cb258f (webtiles) character file.

Game seed: 7301627844471543689

47 101zpm the Magician (level 3, -3/25 HPs)
             Began as a Djinni Fire Elementalist on May 26, 2022.
             Killed from afar by an orc wizard (9 damage)
             ... with a magic dart
             ... on level 4 of the Dungeon.
             The game lasted 00:01:02 (428 turns).

101zpm the Magician (Djinni Fire Elementalist)       Turns: 428, Time: 00:01:02

Health: -3/25      AC:  2    Str:  7    XL:     3   Next: 97%
Gold:   3          EV: 12    Int: 24    God:
                   SH:  0    Dex: 13

rFire   + + .      SeeInvis .   (no weapon)
rCold   x . .      Faith    .   (no shield)
rNeg    . . .      Spirit   .   a - +0 robe
rPois   ∞          Reflect  .   (no helmet)
rElec   .          Harm     .   (no cloak)
rCorr   .          Rampage  .   (no gloves)
Will    .....                   (boots unavailable)
Stlth   ++........              (no amulet)
HPRegen 0.08/turn               b - +6 ring of intelligence
MPRegen 0.00/turn               (no ring)

@: flying
A: sickness immunity, fire resistance 2, cold vulnerability 1, float, innate
caster, HP casting, extra vitality 1
a: no special abilities


You were on level 4 of the Dungeon.
You visited 1 branch of the dungeon, and saw 4 of its levels.

You collected 3 gold pieces.

Inventory:

Armour
 a - a +0 robe (worn)
Jewellery
 b - a +6 ring of intelligence (left hand)
Scrolls
 c - a scroll of fog {unknown}


   Skills:
 + Level 2.5 Dodging
 + Level 1.8 Stealth
 + Level 3.3 Spellcasting


You couldn't memorise any spells.
You knew the following spells:

 Your Spells              Type           Power      Damage    Failure   Level
a - Foxfire               Conj/Fire      80%        2x1d8     2%          1
b - Scorch                Fire           40%        2d7       4%          2
c - Conjure Flame         Conj/Fire      20%        6-21      8%          3
d - Inner Flame           Hex/Fire       20%        N/A       8%          3
e - Flame Wave            Conj/Fire      20%        2d7       26%         4
f - Slow                  Hex            80%        N/A       2%          1
Your spell library was empty.

Dungeon Overview and Level Annotations

Branches:
Dungeon (4/15)
 Temple: D:4-7

Altars:


Innate Abilities, Weirdness & Mutations

You are immune to sickness and miasma.
You are immune to poison.
Your flesh is very heat resistant. (rF++)
You are vulnerable to cold. (rC-)
You float through the air rather than walking.
You learn spells naturally, not from books.
Your magical power is your life essence.
You have superior vitality. (+4 MHP)


Message History

The foxfire hits the orc priest!
The orc priest is burned terribly!
You kill the orc priest!
Your Spellcasting skill increases to level 3!
You have reached level 3!
Your experience leads to an increase in your attributes!
Your base attributes are Str 7, Int 16, Dex 13.
Increase (S)trength, (I)ntelligence, or (D)exterity?
You feel clever. x2
The power to cast Slow wells up from within.
Spell assigned to 'f'.
You conjure some foxfire!
The orc hits you with a +0 flail.
Casting: Foxfire (safe; 2% risk of failure)
Confirm with . or Enter, or press ? or * to list all spells.
Flames lash the orc.
You kill the orc!
You hear a shout!
The foxfire hits the orc.
The orc is heavily wounded.
The foxfire hits the orc.
The orc is almost dead.
Casting: Scorch (safe; 4% risk of failure)
Confirm with . or Enter, or press ? or * to list all spells.
Flames lash the orc.
The orc is almost dead.
The orc's fire resistance burns away.
Casting: Scorch (safe; 4% risk of failure)
Confirm with . or Enter, or press ? or * to list all spells.
Flames lash the orc.
You kill the orc!
The orc hits you with a +0 club.
* * * LOW HITPOINT WARNING * * *
Casting: Scorch (safe; 4% risk of failure)
Confirm with . or Enter, or press ? or * to list all spells.
Flames lash the orc.
The orc is burned terribly!
You kill the orc!
* * * LOW HITPOINT WARNING * * *
An orc wizard comes into view. It is wielding a +0 dagger.
The orc wizard gestures at you while chanting.
The magic dart hits you!
You die...

## ## .... #.#o
#..) ..)
+.####o########
#...........@.#
#.####.######.#
#. #.....# #.
##.#### #. #.#
#. #.# #. #.#
#. #.# #.###


You could see an orc wizard.

Vanquished Creatures
  An orc priest (D:4)
  8 orcs
  A hobgoblin (D:4)
  A bat (D:1)
11 creatures vanquished.

Vanquished Creatures (others)
  24 foxfires
24 creatures vanquished.

Grand Total: 35 creatures vanquished

Notes
Turn   | Place    | Note
-------+----------+-------------------------------------------
     0 | D:1      | 101zpm the Djinni Fire Elementalist began the quest for the
                  | Orb.
     0 | D:1      | Reached XP level 1. HP: 15/15 MP: 0/0
   111 | D:3      | Reached XP level 2. HP: 13/21 MP: 0/0
   419 | D:4      | Reached skill level 3 in Spellcasting
   419 | D:4      | Reached XP level 3. HP: 21/25 MP: 0/0
   419 | D:4      | Learned a level 1 spell: Slow
   428 | D:4      | Killed from afar by an orc wizard

Illustrated notes

Levels and vault maps discovered:
D:1:      amcnicky_arrival_wind_blow, layout_loops_ring
D:2:      minmay_recursive_quarters, layout_loops_ring, basic_ecumenical_altar
D:3:      layout_loops_corners, dk_noncrumbling_4,
          chequers_serial_rivers_micro_b, minivault_5,
          nicolae_concentric_dashed_squares_wild
D:4:      layout_basic, nicolae_ru_the_path_less_chosen

Skill      XL: |  1  2 |
---------------+-------+-----
Spellcasting   | 3 |  3.3
Dodging        | |  2.5
Stealth        | |  1.8

Action                   || total
-------------------------++-------
 Cast: Foxfire           ||    15
       Scorch            ||     5
